 Dungeon Crawl Stone Soup version 0.22-a0-351-g29664b4 (webtiles) character file.

43780 Amnesiac the Spry (level 13, -3/78 HPs)
             Began as a Spriggan Wanderer on Apr 12, 2018.
             Was the Champion of Okawaru.
             Slain by a caustic shrike zombie (10 damage)
             ... on level 15 of the Dungeon.
             The game lasted 00:45:19 (26229 turns).

Amnesiac the Spry (Spriggan Wanderer)              Turns: 26229, Time: 00:45:19

Health: -3/78      AC:  9    Str: 14    XL:     13   Next: 92%
Magic:  29/29      EV: 35    Int: 12    God:    Okawaru [******]
Gold:   847        SH:  0    Dex: 16    Spells: 12/20 levels left

rFire    + . .     SeeInvis +   b - +5 arbalest "Hifem" {flame, MP+9}
rCold    + . .     Gourm    .   (shield currently unavailable)
rNeg     + . .     Faith    +   S - +2 steam dragon scales of Baldness {rElec rCorr Stlth+}
rPois    .         Spirit   .   l - +1 hat
rElec    +         Reflect  .   T - scarf {rC+ rF+}
rCorr    +         Harm     .   (gloves unavailable)
MR       ++...                  (boots unavailable)
Stlth    ++++++....             Q - amulet of faith
HPRegen  0.23/turn              Y - ring of stealth
MPRegen  0.21/turn              n - ring of positive energy

@: heroism, very quick
A: very small, unfitting armour, see invisible, herbivore, speed 3, slow
metabolism 2
a: Heroism, Finesse, Renounce Religion


You were on level 15 of the Dungeon.
You worshipped Okawaru.
Okawaru was exalted by your worship.
You were not hungry.

You visited 2 branches of the dungeon, and saw 16 of its levels.
You also visited: Ossuary.

You collected 952 gold pieces.
You spent 105 gold pieces at shops.

Inventory:

Hand Weapons
 a - a +9 quick blade
 b - the +5 arbalest "Hifem" (weapon) {flame, MP+9}
   (Okawaru gifted it to you on level 14 of the Dungeon)

   It causes projectiles fired from it to burn those they strike, causing extra
   injury to most foes and up to half again as much damage against particularly
   susceptible opponents.
   It affects your magic capacity (+9).
 X - a +2 eveningstar of protection
Missiles
 m - 2 throwing nets
 p - 25 bolts (quivered)
Armour
 d - a scarf of spirit shield
 l - a +1 hat (worn)
 S - the +2 steam dragon scales of Baldness (worn) {rElec rCorr Stlth+}
   (Okawaru gifted it to you on level 11 of the Dungeon)

   It insulates you from electricity.
   It protects you from acid and corrosion.
   It makes you more stealthy.
 T - a scarf of resistance (worn)
Jewellery
 n - a ring of positive energy (right hand)
 A - an uncursed ring of flight
 N - an uncursed amulet of regeneration
 Q - an amulet of faith (around neck)
 U - an uncursed ring of resist corrosion
 Y - a ring of stealth (left hand)
Wands
 y - a wand of iceblast (14)
 z - a wand of digging (37)
 V - a wand of disintegration (15)
 W - a wand of paralysis (8)
Scrolls
 e - 3 scrolls of magic mapping {!r}
 g - 3 scrolls of enchant armour {!r}
 i - 8 scrolls of teleportation {!r}
 j - 7 scrolls of remove curse {!r}
 q - a scroll of torment {!r, unknown}
 x - 3 scrolls of identify {!r}
 F - 2 scrolls of vulnerability {!r}
 L - 3 scrolls of fog {!r}
 M - 3 scrolls of enchant weapon {!r}
 Z - a scroll of amnesia {!r}
Potions
 c - 2 potions of agility {!q}
 h - 10 potions of curing {!q}
 o - 4 potions of heal wounds {!q}
 r - 2 potions of brilliance {!q, unknown}
 t - 4 potions of resistance {!q, unknown}
 w - 4 potions of mutation {!q}
 C - 2 potions of lignification {!q}
 D - a potion of flight {!q}
 G - 3 potions of ambrosia {!q, unknown}
 H - 2 potions of invisibility {!q}
 I - a potion of cancellation {!q}
 J - a potion of might {!q}
 K - 3 potions of haste {!q}
 R - a potion of magic {!q, unknown}
Miscellaneous
 k - a phantom mirror
Comestibles
 f - 9 rations


   Skills:
 - Level 13.8(18.8) Fighting
 - Level 3.0(8.0) Short Blades
 + Level 10.5(15.5) Crossbows
 - Level 16.0(21.0) Dodging
 - Level 3.0(8.0) Stealth
 - Level 4.0 Spellcasting
 - Level 1.2 Hexes
 - Level 8.5 Invocations


You had 12 spell levels left.
You knew the following spells:

 Your Spells              Type           Power        Failure   Level  Hunger
a - Poisonous Vapours     Pois/Air       #.....       32%         2    ##.....
b - Passwall              Tmut/Erth      #.........   32%         2    ##.....
e - Mephitic Cloud        Conj/Pois/Air  #.......     54%         3    ###....
z - Confusing Touch       Hex            #.....       14%         1    #......


Dungeon Overview and Level Annotations

Branches:
Dungeon (15/15)            Temple (1/1) D:4            Lair (0/6) D:9
    Orc (0/2) D:9          Vaults (0/5) D:14         Depths (0/5) D:15

Altars:
Ashenzari
Cheibriados
Dithmenos
Gozag
Okawaru
Ru
Sif Muna
Uskayaw
Zin
The Shining One

Shops:
D:6 [   D:8 }   D:11 %?([

Portals:
Trove: D:14 (show slimy rune of Zot)

Annotations:
D:7 Amnesiac's ghost, novice SpBe


Innate Abilities, Weirdness & Mutations

You are very small and have problems with some larger weapons.
You are too small for most types of armour.
You have supernaturally acute eyesight. (SInv)
You are a herbivore.
You cover ground extremely quickly.
You need to consume almost no food.


Message History

The caustic shrike zombie completely misses you.
The caustic shrike zombie claws you but does no damage.
Firing (i - inventory. (/) - cycle)
p - 32 bolts (quivered)
Press: ? - help, Shift-Dir - straight line, f/p - caustic shrike zombie
Aim: a caustic shrike zombie (heavily damaged)
You shoot a bolt.
The bolt closely misses the caustic shrike zombie.
The bolt hits the yaktaur zombie!!
The bolt burns the yaktaur zombie.
The yaktaur zombie is heavily damaged.
The caustic shrike zombie completely misses you. x2
Firing (i - inventory. (/) - cycle)
p - 31 bolts (quivered)
Press: ? - help, Shift-Dir - straight line, f/p - caustic shrike zombie
Aim: a caustic shrike zombie (heavily damaged)
You shoot a bolt.
The bolt completely misses the caustic shrike zombie.
The bolt hits the two-headed ogre!!
The bolt burns the two-headed ogre.
The two-headed ogre is almost dead.
The caustic shrike zombie completely misses you.
The caustic shrike zombie closely misses you.
Firing (i - inventory. (/) - cycle)
p - 30 bolts (quivered)
Press: ? - help, Shift-Dir - straight line, f/p - caustic shrike zombie
Aim: a caustic shrike zombie (heavily damaged)
You shoot a bolt.
The bolt hits the caustic shrike zombie!
The bolt burns the caustic shrike zombie.
The caustic shrike zombie is heavily damaged.
The caustic shrike zombie misses you. x2
Firing (i - inventory. (/) - cycle)
p - 29 bolts (quivered)
Press: ? - help, Shift-Dir - straight line, f/p - caustic shrike zombie
Aim: a caustic shrike zombie (heavily damaged)
You shoot a bolt.
The bolt hits the caustic shrike zombie.
The bolt burns the caustic shrike zombie.
The caustic shrike zombie is heavily damaged.
The caustic shrike zombie completely misses you.
The caustic shrike zombie barely misses you.
Firing (i - inventory. (/) - cycle)
p - 28 bolts (quivered)
Press: ? - help, Shift-Dir - straight line, f/p - caustic shrike zombie
Aim: a caustic shrike zombie (heavily damaged)
You shoot a bolt.
The bolt hits the caustic shrike zombie.
The bolt burns the caustic shrike zombie.
The caustic shrike zombie is severely damaged.
The caustic shrike zombie claws you!
* * * LOW HITPOINT WARNING * * *
The caustic shrike zombie claws you!!
* * * LOW HITPOINT WARNING * * *
Firing (i - inventory. (/) - cycle)
p - 27 bolts (quivered)
Press: ? - help, Shift-Dir - straight line, f/p - caustic shrike zombie
Aim: a caustic shrike zombie (severely damaged)
You shoot a bolt.
The bolt closely misses the caustic shrike zombie.
The caustic shrike zombie completely misses you.
The caustic shrike zombie misses you.
Firing (i - inventory. (/) - cycle)
p - 26 bolts (quivered)
Press: ? - help, Shift-Dir - straight line, f/p - caustic shrike zombie
Aim: a caustic shrike zombie (severely damaged)
You shoot a bolt.
The bolt hits the caustic shrike zombie!
The bolt burns the caustic shrike zombie.
The caustic shrike zombie is severely damaged.
The caustic shrike zombie completely misses you.
The caustic shrike zombie claws you!
You die...

8.8.....(...##...#
8..P.8((((.......#
....(..(##.......# .
....(P..(........# ..#
.P....P(#.......##...#
>...((..#.#..(..'....#
.$P..(..#.#...(Z#..
.88...8.#.....OZ#########
..P.8P8.########@.......#
..P.8......# #........#
P.(..(.....# #........#
...8(......# #........#
(##(.......# #........#
##############.(......#
#########.............#
#.......#....)........#
#.......#......######.#


You could see a two-headed ogre, a yaktaur zombie and a caustic shrike zombie.

Vanquished Creatures
  The ghost of Amnesiac the Necromancer, a journeyman DENe of Sif Muna (D:13)
  2 hydras
  A centaur warrior (D:14)
  An ogre mage (D:11)
  2 dancing weapons (D:14)
  8 two-headed ogres
  Urug (D:12)
  2 skeletal warriors (D:15)
  5 unseen horrors
  A phantasmal warrior (D:15)
  Pikel (D:7)
  A necromancer (D:15)
  5 ugly things (D:14)
  A deep elf mage (D:14)
  4 manticores
  7 cyclopes
  Maurice (D:10)
  The ghost of Amnesiac the Nimble, a novice SpBe of Okawaru (D:5)
  An ice statue (D:9)
  Joseph (D:7)
  A gargoyle (D:13)
  Psyche (D:10)
  A komodo dragon (shapeshifter) (D:15)
  3 meliai (D:14)
  A hornet (D:14)
  3 trolls (D:14)
  4 slime creatures (D:12)
  A fire dragon zombie (D:15)
  4 hippogriffs
  A spriggan zombie (D:15)
  A shadow (D:14)
  A vampire (D:14)
  A centaur simulacrum (D:14)
  23 yaks
  2 wraiths
  A wyvern (D:11)
  3 hogs (D:7)
  A human (D:7)
  3 hungry ghosts
  Menkaure (D:5)
  A vampire mosquito (D:11)
  An acid dragon (D:13)
  A water moccasin (D:9)
  4 sky beasts
  2 phantoms
  6 orc warriors
  3 black bears
  2 ice beasts
  A necrophage (D:14)
  An eye of draining (D:14)
  11 ogres
  7 centaurs
  2 crocodiles
  A wyvern zombie (D:7)
  9 bullfrogs
  A gnoll sergeant (D:9)
  2 water moccasin zombies (Ossuary)
  A wyvern skeleton (D:11)
  6 scorpions
  20 killer bees
  20 wights
  8 crimson imps
  3 howler monkeys
  9 hounds
  10 centaur zombies
  2 jellies
  Crazy Yiuf (D:5)
  9 orc wizards
  8 orc priests
  A bullfrog skeleton (D:11)
  2 centaur skeletons
  3 iguanas
  Ijyb (D:3)
  11 worker ants
  A big kobold zombie (Ossuary)
  2 mummies (Ossuary)
  A hound skeleton (D:5)
  Robin (D:3)
  A worker ant zombie (D:11)
  7 gnolls
  21 adders
  5 shadow imps
  3 oozes
  An adder skeleton (D:7)
  6 adder zombies
  3 worms
  3 dart slugs
  4 leopard geckos
  51 orcs
  10 bats
  9 giant cockroaches
  2 gnoll zombies (Ossuary)
  13 goblins
  8 hobgoblins
  6 jackals
  7 kobolds
  3 quokkas
  2 ball pythons
  5 frilled lizards
  5 hobgoblin zombies (Ossuary)
  4 kobold zombies (Ossuary)
  A leopard gecko skeleton (D:7)
  4 orc zombies (Ossuary)
  A quokka zombie (D:6)
  7 rats
  A fungus (D:5)
472 creatures vanquished.

Vanquished Creatures (others)
  2 orcs (D:7)
2 creatures vanquished.

Grand Total: 474 creatures vanquished

Notes
Turn   | Place    | Note
-------+----------+-------------------------------------------
     0 | D:1      | Amnesiac the Spriggan Wanderer began the quest for the Orb.
     0 | D:1      | Amnesiac set off with: a +2 dagger, a potion of heal wounds {!q}, a +0 robe, a ration
     0 | D:1      | Reached XP level 1. HP: 13/13 MP: 5/5
     2 | D:1      | Learned a level 1 spell: Sting
   256 | D:1      | Reached XP level 2. HP: 6/17 MP: 5/7
   779 | D:1      | Reached skill level 1 in Dodging
  1075 | D:2      | Reached skill level 2 in Dodging
  1075 | D:2      | Reached XP level 3. HP: 21/21 MP: 6/9
  1309 | D:2      | Reached skill level 3 in Dodging
  1713 | D:2      | Reached skill level 4 in Dodging
  1713 | D:2      | Reached XP level 4. HP: 25/25 MP: 4/11
  2671 | D:3      | Reached skill level 5 in Dodging
  2775 | D:3      | Reached XP level 5. HP: 21/30 MP: 0/12
  3242 | D:3      | Noticed Robin
  3337 | D:3      | Killed Robin
  3642 | D:3      | Noticed Ijyb
  3717 | D:3      | Killed Ijyb
  4239 | D:4      | Reached skill level 5 in Fighting
  4329 | D:4      | Reached XP level 6. HP: 35/35 MP: 9/13
  4398 | D:4      | Reached skill level 6 in Dodging
  4459 | D:4      | Learned a level 1 spell: Confusing Touch
  4719 | D:4      | Found a staircase to the Ecumenical Temple.
  4727 | D:4      | Found a deep blue altar of Sif Muna.
  5084 | Temple   | Entered the Ecumenical Temple
  5146 | Temple   | Became a worshipper of Warmaster Okawaru
  5178 | D:5      | Entered Level 5 of the Dungeon
  5229 | D:5      | Noticed Amnesiac's ghost (novice SpBe)
  5403 | D:5      | Killed Amnesiac's ghost
  5403 | D:5      | Reached skill level 7 in Dodging
  5403 | D:5      | Reached XP level 7. HP: 4/41 MP: 14/14
  5833 | D:5      | Noticed Menkaure
  5836 | D:5      | Killed Menkaure
  5836 | D:5      | Reached * piety under Okawaru
  5836 | D:5      | Reached skill level 8 in Dodging
  6150 | D:5      | Found a runed door.
  6158 | D:5      | Noticed Crazy Yiuf
  6183 | D:5      | Killed Crazy Yiuf
  6326 | D:6      | Reached XP level 8. HP: 39/46 MP: 15/15
  6802 | D:6      | Found Voimaff's Armour Emporium.
  6879 | D:6      | Found a sand-covered staircase.
  6888 | Ossuary  | Entered an ossuary
  7375 | Ossuary  | Reached skill level 9 in Dodging
  7601 | D:6      | Reached ** piety under Okawaru
  7601 | D:6      | Reached skill level 1 in Invocations
  8613 | D:7      | Noticed Joseph
  8676 | D:7      | Noticed a hippogriff
  8697 | D:7      | Killed a hippogriff
  8697 | D:7      | Reached skill level 5 in Invocations
  8826 | D:7      | Noticed Amnesiac's ghost (novice SpBe)
  8838 | D:7      | Reached XP level 9. HP: 50/50 MP: 16/16
  9413 | D:7      | Reached *** piety under Okawaru
 10148 | D:7      | Noticed Pikel
 10215 | D:7      | Killed Pikel
 10215 | D:7      | Reached **** piety under Okawaru
 11642 | D:7      | Killed Joseph
 11642 | D:7      | Reached skill level 10 in Dodging
 11642 | D:7      | Reached XP level 10. HP: 53/57 MP: 17/17
 12433 | D:8      | Got a brightly glowing trident
 12616 | D:8      | Noticed a two-headed ogre
 12774 | D:8      | Noticed a two-headed ogre
 13033 | D:8      | Killed a two-headed ogre
 13033 | D:8      | Reached ***** piety under Okawaru
 13033 | D:8      | Reached skill level 11 in Dodging
 13223 | D:8      | Noticed a two-headed ogre
 13248 | D:8      | Killed a two-headed ogre
 13289 | D:8      | Identified the +4 trident "Jiyhacyl" {freeze, *Rage rC++ MR+} (You found it on level 8 of the Dungeon)
 13473 | D:8      | Found Ode Xaas's Gadget Shoppe.
 13583 | D:8      | Killed a two-headed ogre
 13583 | D:8      | Reached skill level 10 in Fighting
 14014 | D:9      | Found a shadowy altar of Dithmenos.
 14014 | D:9      | Found an opulent altar of Gozag.
 14072 | D:9      | Reached skill level 12 in Dodging
 14159 | D:9      | Found a staircase to the Orcish Mines.
 14354 | D:9      | Reached XP level 11. HP: 48/64 MP: 18/18
 14361 | D:9      | Found a snail-covered altar of Cheibriados.
 14696 | D:9      | Found a staircase to the Lair.
 14765 | D:9      | Noticed a two-headed ogre
 14800 | D:9      | Killed a two-headed ogre
 15510 | D:9      | Received a gift from Okawaru
 16318 | D:9      | HP: 3/64 [ice beast[an ice statue] (11)]
 16868 | D:10     | Entered Level 10 of the Dungeon
 16958 | D:10     | Learned a level 2 spell: Passwall
 16961 | D:10     | Learned a level 2 spell: Poisonous Vapours
 16965 | D:10     | Learned a level 3 spell: Mephitic Cloud
 17251 | D:10     | Reached skill level 13 in Dodging
 17374 | D:10     | Noticed Psyche
 17805 | D:10     | Noticed Maurice
 18009 | D:10     | Killed Maurice
 18151 | D:10     | Noticed a two-headed ogre
 18283 | D:10     | Killed a two-headed ogre
 18574 | D:10     | Killed Psyche
 19092 | D:11     | Found Fyneq's Food Emporium.
 19171 | D:11     | Noticed an ogre mage
 19188 | D:11     | Killed an ogre mage
 19188 | D:11     | Received a gift from Okawaru
 19188 | D:11     | Reached skill level 14 in Dodging
 19419 | D:11     | Noticed an eight-headed hydra
 19535 | D:10     | Killed an eight-headed hydra
 19535 | D:10     | Reached XP level 12. HP: 34/71 MP: 17/19
 19614 | D:11     | Found Yceveosk's Antique Armour Boutique.
 19687 | D:11     | Reached ****** piety under Okawaru
 19885 | D:11     | Found Waega's Magic Scroll Shoppe.
 19907 | D:11     | Received a gift from Okawaru
 19910 | D:11     | Got faintly humming steam dragon scales {god gift}
 19921 | D:11     | Identified the +2 steam dragon scales of Baldness {rElec rCorr Stlth+} (Okawaru gifted it to you on level 11 of the Dungeon)
 20037 | D:11     | Bought a scroll of enchant weapon for 105 gold pieces
 20374 | D:11     | Found Acifuent's Weapon Shop.
 20453 | D:11     | Got a pitted falchion
 20454 | D:11     | Identified the +2 falchion of Esan {holy, rC+ rN+ MR+ Int+4} (You found it on level 11 of the Dungeon)
 20531 | D:12     | Got a fine robe
 20546 | D:12     | Reached skill level 15 in Dodging
 20684 | D:12     | Noticed Urug
 20704 | D:12     | Killed Urug
 21062 | D:12     | Identified the +2 robe "Cioga" {Regen+ Str+4} (You found it on level 12 of the Dungeon)
 21877 | D:13     | Noticed a two-headed ogre
 21887 | D:13     | Killed a two-headed ogre
 21887 | D:13     | Reached skill level 16 in Dodging
 21887 | D:13     | Reached XP level 13. HP: 35/78 MP: 17/20
 22415 | D:13     | Noticed Amnesiac's ghost (journeyman DENe)
 22537 | D:13     | Killed Amnesiac's ghost
 22537 | D:13     | Reached skill level 1 in Crossbows
 23169 | D:14     | Received a gift from Okawaru
 23169 | D:14     | Reached skill level 5 in Crossbows
 23265 | D:14     | Found a gate to the Vaults.
 24053 | D:14     | Received a gift from Okawaru
 24056 | D:14     | Got an ancient arbalest {god gift}
 24057 | D:14     | Identified the +5 arbalest "Hifem" {flame, MP+9} (Okawaru gifted it to you on level 14 of the Dungeon)
 25115 | D:14     | Found a portal to a secret trove of treasure.
 25151 | D:15     | Entered Level 15 of the Dungeon
 25480 | D:14     | Received a gift from Okawaru
 25736 | D:15     | Reached skill level 10 in Crossbows
 25780 | D:15     | Received a gift from Okawaru
 25882 | D:15     | Found a staircase to the Depths.
 26229 | D:15     | Slain by a caustic shrike zombie

Vault maps used:
D:1:      minmay_arrival_arboretum_small, serial_forest,
          infiniplex_forest_clump_tiny, infiniplex_forest_clump_curved,
          infiniplex_forest_clump_curved, infiniplex_forest_lined_2,
          infiniplex_forest_zigzag_2, infiniplex_forest_zigzag_1,
          infiniplex_forest_straight_1, infiniplex_forest_clump_double,
          hangedman_abyss_or_decor_lesser_grid
D:2:      first_ration, roderic_serpentine_path
D:3:      uniq_ijyb, uniq_robin
D:4:      overflow_temple_1_default, minmay_temple_entry_trees,
          kennysheep_generic_room_4
D:5:      uniq_crazy_yiuf_cottage, uniq_menkaure
D:6:      serial_shops, nicolae_shop_behind_doors,
          lightli_ossuary_entry_decrepit_ruins
D:7:      grunt_livestock, kennysheep_windowed_goal, uniq_pikel, uniq_joseph
D:8:      serial_shops, shop
D:9:      lemuel_ice_statue, chequers_temple_overflow_statue_of_worship,
          nicolae_overflow_crystal_walls, lair_entry_dummy, orc_0_dummy,
          st_stairs_11
D:10:     uniq_maurice, uniq_psyche
D:11:     cheibrodos_ideogram_h, serial_shops, shop, shop, shop,
          kennysheep_little_box
D:12:     uniq_urug
D:14:     erik_vaults_1, nicolae_trove_entry_crystal, minmay_misc_feat_tower,
          st_stairs_7
D:15:     gammafunk_depths_entry_grave, hangedman_decor_lopped
Temple:   hc_temple_tempest_star
Ossuary:  ossuary_tomb_2

Skill      XL: |  1  2  3  4  5  6  7  8  9 10 11 12 13 |
---------------+----------------------------------------+-----
Spellcasting   | 3 4 |  4.0
Dodging        | 2 4 5 7 8 9 10 12 14 16 | 16.0
Fighting       | 5 6 7 8 10 12 13 | 13.8
Invocations    | 5 8 |  8.5
Short Blades   | 2 3 |  3.0
Crossbows      | 10 | 10.5
Stealth        | |  3.0
Hexes          | |  1.2

Action                   |  1- 3 |  4- 6 |  7- 9 | 10-12 | 13-15 || total
-------------------------+-------+-------+-------+-------+-------++-------
Melee: Dagger            |    81 |   285 |   716 |   232 |       ||  1314
       Unarmed           |       |       |     2 |       |       ||     2
       Trident           |       |       |       |   145 |       ||   145
       Quick blade       |       |       |       |   624 |   236 ||   860
       Punch             |       |       |       |     8 |     3 ||    11
 Fire: Hunting sling     |       |       |   150 |     9 |       ||   159
       Shortbow          |       |       |       |   532 |       ||   532
       Arbalest          |       |       |       |       |   260 ||   260
Throw: Stone             |     1 |       |       |       |       ||     1
 Cast: Sting             |    60 |   167 |       |       |       ||   227
       Confusing Touch   |       |       |     1 |       |       ||     1
Invok: Heroism           |       |       |       |    14 |     7 ||    21
       Finesse           |       |       |       |       |     4 ||     4
Evoke: Wand              |       |     1 |    34 |    32 |       ||    67
  Use: Scroll            |       |    10 |     4 |     5 |     1 ||    20
       Potion            |       |     5 |       |     1 |     5 ||    11
 Stab: Sleeping          |     1 |     1 |     6 |    13 |     5 ||    26
       Distracted        |       |     1 |       |     1 |       ||     2
       Paralysed         |       |       |    10 |       |       ||    10
  Eat: Ration            |       |     4 |     3 |     7 |     2 ||    16
Armor: Robe              |    17 |    28 |    40 |    45 |       ||   130
       Skin              |       |    20 |       |       |    16 ||    36
       Steam dragon scal |       |       |       |    15 |    14 ||    29
Dodge: Dodged            |   107 |   228 |   455 |  1162 |   286 ||  2238

Table legend:
 A = Spawn XP
 B = Non-spawn XP
 C = Spawn XP percentage of total XP
 D = Spawn monster count
 E = Non-spawn monster count
 F = Spawn count percentage of total count
 G = Total turns spent on level
                    A         B        C        D         E        F      G
               +---------+---------+-------+---------+---------+-------+---------
         Total |       0 |   62544 |   0.0 |       0 |     471 |   0.0 | 26229
               +---------+---------+-------+---------+---------+-------+---------
           D:1 |       0 |      52 |   0.0 |       0 |      25 |   0.0 |  1163
           D:2 |       0 |      82 |   0.0 |       0 |      23 |   0.0 |  1154
           D:3 |       0 |     230 |   0.0 |       0 |      39 |   0.0 |  2111
           D:4 |       0 |     288 |   0.0 |       0 |      16 |   0.0 |   804
           D:5 |       0 |     772 |   0.0 |       0 |       9 |   0.0 |  1197
           D:6 |       0 |     653 |   0.0 |       0 |      15 |   0.0 |  1401
           D:7 |       0 |    3321 |   0.0 |       0 |      38 |   0.0 |  3557
           D:8 |       0 |    4109 |   0.0 |       0 |      27 |   0.0 |  2899
           D:9 |       0 |    3725 |   0.0 |       0 |      35 |   0.0 |  1933
          D:10 |       0 |    6584 |   0.0 |       0 |      46 |   0.0 |  2269
          D:11 |       0 |    8144 |   0.0 |       0 |      44 |   0.0 |  1328
          D:12 |       0 |    6372 |   0.0 |       0 |      35 |   0.0 |   984
          D:13 |       0 |    6701 |   0.0 |       0 |      37 |   0.0 |  1528
          D:14 |       0 |   15444 |   0.0 |       0 |      46 |   0.0 |  2640
          D:15 |       0 |    5808 |   0.0 |       0 |      12 |   0.0 |   612
       Ossuary |       0 |     259 |   0.0 |       0 |      24 |   0.0 |   571
               +---------+---------+-------+---------+---------+-------+---------
